 Dungeon Crawl Stone Soup version 0.26-a0-576-gcfaa98f945 (webtiles) character file.

Game seed: 9844287239661891337

327 Descartes the Magician (level 6, 0/48 HPs)
             Began as a Deep Elf Hedge Wizard on Aug 22, 2020.
             Was a Follower of Vehumet.
             Succumbed to a worker ant's poison
             ... on level 3 of the Dungeon.
             The game lasted 00:12:54 (4412 turns).

Descartes the Magician (Deep Elf Hedge Wizard)      Turns: 4412, Time: 00:12:55

Health: 0/48       AC: 23    Str:  7    XL:     6   Next: 24%
Magic:  15/15      EV:  2    Int: 21    God:    Vehumet [*.....]
Gold:   131        SH:  0    Dex: 14    Spells: 5/15 levels left

rFire    . . .     SeeInvis .   a - +2 hand axe (vorpal)
rCold    . . .     Faith    +   (no shield)
rNeg     + + +     Spirit   .   (armour currently unavailable)
rPois    +         Reflect  .   (helmet currently unavailable)
rElec    .         Harm     .   (cloak currently unavailable)
rCorr    .         NoTele   +   (gloves currently unavailable)
MR       .....                  (boots currently unavailable)
Stlth    +++.......             c - amulet of faith
HPRegen  0.16/turn              n - ring of wizardry
MPRegen  0.14/turn              m - ring of wizardry

@: lethally poisoned (0 -> 0), tree-form, berserk cooldown, stab, very slightly
contaminated, hasted and slowed, invisible (expiring)
A: no striking features
a: Renounce Religion


You were on level 3 of the Dungeon.
You worshipped Vehumet.
Vehumet was aware of your devotion.
You were a tree.
You visited 1 branch of the dungeon, and saw 4 of its levels.

You collected 131 gold pieces.

Inventory:

Hand Weapons
 a - a +2 vorpal hand axe (weapon)
 b - a +0 hunting sling
Missiles
 d - 75 stones (quivered)
 h - 21 arrows
 i - 90 sling bullets
 q - 4 boomerangs
 w - 16 poisoned darts
Armour
 g - a +0 helmet (melded)
 j - a +0 leather armour (melded)
 l - a +0 pair of boots (melded)
Jewellery
 c - an amulet of faith (around neck)
 m - a ring of wizardry (right branch)
 n - a ring of wizardry (left branch)
Wands
 t - a wand of paralysis (11)
Scrolls
 e - 2 scrolls of blinking {unknown}
 f - 3 scrolls of identify {unknown}
 p - a scroll of enchant weapon {unknown}
 r - a scroll of amnesia {unknown}
 u - 3 scrolls of random uselessness {unknown}
 v - a scroll of remove curse {unknown}
 y - a scroll of teleportation {unknown}
Potions
 z - a potion of lignification


   Skills:
 - Level 2.4 Dodging
 + Level 4.6 Stealth
 + Level 5.3 Spellcasting
 + Level 4.7 Conjurations
   Level 1.1 Summonings
 - Level 1.1 Translocations
 + Level 2.0 Fire Magic
 + Level 1.5 Earth Magic


You had 5 spell levels left.
You knew the following spells:

 Your Spells              Type           Power        Failure   Level
a - Magic Dart            Conj           ####         1%          1
b - Blink                 Tloc           N/A          2%          2
c - Conjure Flame         Conj/Fire      ###.....     2%          3
d - Mephitic Cloud        Conj/Pois/Air  ##......     4%          3
e - Sandblast             Erth           ##....       1%          1

Your spell library contained the following spells:

 Spells                   Type           Power        Failure   Level
 Call Imp                 Summ           ##......     2%          2
 Slow                     Hex            #.......     4%          2


Dungeon Overview and Level Annotations

Branches:
Dungeon (4/15)
 Temple: D:4-7

Altars:
Ashenzari
Gozag
Hepliaklqana
Trog
Vehumet

Annotations:
D:2 Sigmund


Message History

You cannot move.
You feel sick.
You feel your anger nearly subside.
You are no longer berserk.
You are exhausted.
You feel yourself slow down.
* * * LOW HITPOINT WARNING * * *
You feel sick.
* * * LOW HITPOINT WARNING * * *
You feel sick.
* * * LOW HITPOINT WARNING * * *
You feel sick.
* * * LOW HITPOINT WARNING * * *
You feel sick.
* * * LOW HITPOINT WARNING * * *
You feel sick.
You flicker for a moment.
* * * LOW HITPOINT WARNING * * *
You feel sick.
Your extra speed is starting to run out.
You die...

..# #........#.........####..#
..# #.........#.####...####..#
..#######...#.................#
..##........#...........#####.#
..##........#...........### #.#
..##........#.............# #.#
..##........#...........#.# #.#
..##........#...........#.###.#
................♣........_....#
.###........#..)........#.#...#
..##........#.................#
..##........#.................#
...###....#...................#
...# #....#........#..........#
...# #....#...................#
################...........####
#..............#...........#


There were no monsters in sight!

Vanquished Creatures
  A scorpion (D:3)
  An orc priest (D:3)
  A worker ant (D:3)
  3 gnolls
  9 adders
  An ooze (D:3)
  3 worms
  3 dart slugs
  2 leopard geckos
  16 orcs
  7 ball pythons
  3 bats
  6 giant cockroaches
  5 goblins
  3 hobgoblins
  2 jackals (D:2)
  9 kobolds
  2 quokkas
  2 frilled lizards
  9 rats
88 creatures vanquished.

Vanquished Creatures (others)
  A plant (D:3)
1 creature vanquished.

Grand Total: 89 creatures vanquished

Notes
Turn   | Place    | Note
-------+----------+-------------------------------------------
     0 | D:1      | Descartes the Deep Elf Hedge Wizard began the quest for the
                  | Orb.
     0 | D:1      | Reached XP level 1. HP: 10/10 MP: 7/7
   198 | D:1      | Reached XP level 2. HP: 15/15 MP: 7/9
   672 | D:1      | Reached XP level 3. HP: 19/19 MP: 7/10
  1212 | D:2      | Found a radiant altar of Vehumet.
  1212 | D:2      | Found a bloodstained altar of Trog.
  1212 | D:2      | Found a shattered altar of Ashenzari.
  1219 | D:2      | Became a worshipper of Vehumet
  1665 | D:2      | Reached XP level 4. HP: 24/24 MP: 4/12
  1860 | D:2      | Learned a level 2 spell: Blink
  1864 | D:2      | Learned a level 3 spell: Conjure Flame
  1868 | D:2      | Learned a level 3 spell: Mephitic Cloud
  2039 | D:2      | You fall into a shaft and drop 2 floors!
  2280 | D:2      | Noticed Sigmund
  2895 | D:3      | Reached * piety under Vehumet
  2895 | D:3      | Offered knowledge of Sandblast by Vehumet.
  3049 | D:2      | Reached XP level 5. HP: 28/28 MP: 10/14
  3052 | D:2      | Learned a level 1 spell: Sandblast
  3245 | D:3      | Reached skill level 1 in Fire Magic
  3430 | D:3      | Found a faded altar of an unknown god.
  3561 | D:3      | Found an opulent altar of Gozag.
  3606 | D:3      | Found a hazy altar of Hepliaklqana.
  3660 | D:3      | Reached skill level 5 in Spellcasting
  3660 | D:3      | Reached skill level 1 in Earth Magic
  3888 | D:3      | Reached XP level 6. HP: 32/32 MP: 13/15
  4397 | D:3      | HP: 2/48 [poisoned by a worker ant]
  4404 | D:3      | HP: 1/48 [poisoned by a worker ant]
  4412 | D:3      | Succumbed to a worker ant's poison

Illustrated notes

Levels and vault maps discovered:
D:1:      minmay_arrival_radiant_lines, layout_basic, minmay_fountain_box
D:2:      minmay_general_purpose_star, layout_basic,
          chequers_temple_overflow_statue_of_worship, uniq_sigmund
D:3:      layout_basic, lemuel_crystal_altar, nicolae_overflow_crystal_walls,
          chequers_ecumenical_altar_simple, hangedman_glass_teeth,
          minmay_shallow_snake_nest
D:4:      layout_basic

Skill      XL: |  1  2  3  4  5  6 |
---------------+-------------------+-----
Conjurations   | 2 3 4 |  4.7
Stealth        | 3 4 |  4.6
Fire Magic     | 1 2 |  2.0
Spellcasting   | 5 |  5.3
Earth Magic    | 1 |  1.5
Dodging        | |  2.4
Summonings     | |  1.1
Translocations | |  1.1

Action                   |  1- 3 |  4- 6 || total
-------------------------+-------+-------++-------
Melee: Dagger            |    18 |       ||    18
       Hand axe          |       |     6 ||     6
 Cast: Magic Dart        |    88 |   153 ||   241
       Sandblast         |       |    11 ||    11
  Use: Potion            |       |     5 ||     5
 Stab: Sleeping          |       |     1 ||     1
Armor: Robe              |     5 |       ||     5
       Leather armour    |     1 |    12 ||    13
       Skin              |       |     6 ||     6
Dodge: Dodged            |    19 |    39 ||    58

Table legend: (Time is in decaauts)
 A = Elapsed time spent in this place.
 B = Non-inter-level travel time spent in this place.
 C = Inter-level travel time spent in this place.
 D = Time resting spent in this place.
 E = Time spent auto-exploring this place.
 F = Levels seen in this place.
 G = Mean time per level.
                   A        B        C        D        E       F      G
               +--------+--------+--------+--------+--------+-----+--------+
         Total |   4420 |   4274 |    146 |    307 |   3198 |   4 | 1105.0 |
       Dungeon |   4420 |   4274 |    146 |    307 |   3198 |   4 | 1105.0 |
               +--------+--------+--------+--------+--------+-----+--------+

Top non-repeatable levels by time:
     D:2: 1745 daAuts
     D:1: 1245 daAuts
     D:3: 1192 daAuts
     D:4: 236 daAuts
